 Dungeon Crawl Stone Soup version 0.31-a0-40-g1d5085d191 (webtiles) character file.

Game seed: 4366544153680615451

85 AleXD21137 the Poker (level 4, -1/37 HPs)
             Began as a Merfolk Monk on May 17, 2023.
             Constricted to death by Ijyb (6 damage)
             ... on level 4 of the Dungeon.
             The game lasted 00:08:44 (2143 turns).

AleXD21137 the Poker (Merfolk Monk)                 Turns: 2143, Time: 00:08:44

Health: -1/37      AC:  9    Str: 11    XL:     4   Next: 48%
Magic:  4/4        EV: 11    Int: 11    God:
Gold:   114        SH:  0    Dex: 16    Spells: 3/3 levels left

rFire   . . .        e - +1 morningstar (protect)
rCold   . . .        d - orb {light}
rNeg    . . .        b - +0 robe
rPois   .            (no helmet)
rElec   .            (no cloak)
rCorr   .            (no gloves)
SInv    .            (no boots)
Will    .....        (no amulet)
Stlth   +            (no ring)
HPRegen 0.26/turn    (no ring)
MPRegen 0.09/turn

%: no passive effects
@: grasped by roots, under a protective aura, attractive, glowing, constricted,
studying 2 skills
A: (nimble swimmer 2), mertail
a: no special abilities


You were on level 4 of the Dungeon.
You visited 1 branch of the dungeon, and saw 4 of its levels.

You collected 114 gold pieces.

Inventory:

Hand Weapons
 a - a +0 spear
 e - a +1 morningstar of protection (weapon)
 h - a +0 dagger
 k - a +1 morningstar
Armour
 b - a +0 robe (worn)
 d - an orb of light (worn)
Wands
 p - a wand of digging (8)
Scrolls
 m - 2 scrolls of torment
 o - a scroll of identify
Potions
 i - a potion of might
 n - a potion of haste


   Skills:
 + Level 3.7 Fighting
 + Level 0.9 Maces & Flails
 + Level 5.5 Polearms
 + Level 5.3 Dodging
 + Level 0.8 Stealth


You had 3 spell levels left.
You didn't know any spells.
Your spell library was empty.

Dungeon Overview and Level Annotations

Branches:
Dungeon (4/15)
 Temple: D:4-7

Altars:

Annotations:
D:4 Ijyb


Innate Abilities, Weirdness & Mutations

((You are very nimble when in or above water. (Stealth+, EV+, Speed+++)))
Your lower body shifts to a powerful aquatic tail in water.


Message History

* * * LOW HITPOINT WARNING * * *
The grasping roots constrict you.
* * * LOW HITPOINT WARNING * * *
The grasping roots release their grip on you.
You're too confused to move!
Ijyb zaps a wand.
The roots erupt in riotous growth!
The grasping roots grab you!
Ijyb is unaffected.
The grasping roots constrict you.
* * * LOW HITPOINT WARNING * * *
You hear a shout! x2
It was a potion of curing.
You feel better.
You feel less invigorated.
A kobold comes into view. It is wielding a +0 club.
The grasping roots constrict you.
The grasping roots release their grip on you.
Unknown command.
The goblin unwields a +0 club.
The goblin wields a +0 sling.
The goblin shoots a sling bullet.
The sling bullet hits you but does no damage.
Ijyb barely misses you. Ijyb hits you with a +0 club.
You hit Ijyb but do no damage.
Your weapon exudes an aura of protection.
Ijyb is heavily wounded.
Ijyb barely misses you.
You closely miss Ijyb.
Ijyb is heavily wounded.
Ijyb zaps a wand.
The roots erupt in riotous growth!
The grasping roots grab you!
The goblin is unaffected.
Ijyb is unaffected.
The grasping roots constrict you.
The goblin unwields a +0 sling.
The goblin wields a +0 club.
The goblin closely misses you. Ijyb hits you with a +0 club.
* * * LOW HITPOINT WARNING * * *
The grasping roots constrict you.
* * * LOW HITPOINT WARNING * * *
It was a potion of attraction.
You feel attractive to monsters. The goblin hits you with a +0 club.
* * * LOW HITPOINT WARNING * * *
Ijyb closely misses you. The grasping roots constrict you.
You die...

..##. .....
.... #### ..#
#..##..#
#......#
#...>..#
#.K@...#..
#.gg.......
##.######..#
##.##.###..#
#...[.......
#.).<ยง......
#^.......<..
...............
###############


You could see Ijyb, a goblin and a kobold.

Vanquished Creatures
  Natasha (D:2)
  4 dart slugs
  4 endoplasms
  2 giant cockroaches (D:1)
  7 goblins
  4 hobgoblins
  3 jackals (D:1)
  3 kobolds
  2 quokkas
  5 ball pythons
  5 bats
  2 frilled lizards (D:3)
  7 rats
49 creatures vanquished.

Notes
Turn   | Place    | Note
-------+----------+-------------------------------------------
     0 | D:1      | AleXD21137 the Merfolk Monk began the quest for the Orb.
     0 | D:1      | Reached XP level 1. HP: 18/18 MP: 1/1
   165 | D:1      | Reached XP level 2. HP: 13/24 MP: 2/2
   369 | D:1      | Reached skill level 5 in Polearms
   515 | D:1      | Reached XP level 3. HP: 29/29 MP: 3/3
  1230 | D:2      | Noticed Natasha
  1239 | D:2      | Killed Natasha
  1240 | D:2      | Reached skill level 5 in Dodging
  1240 | D:2      | Reached XP level 4. HP: 28/37 MP: 4/4
  2038 | D:3      | Identified a scroll of acquirement
  2038 | D:3      | Acquired a manual of Unarmed Combat
  2117 | D:4      | Noticed Ijyb
  2143 | D:4      | Constricted to death by Ijyb

Illustrated notes

Levels and vault maps discovered:
D:1:      evilmike_arrival_plus, layout_rooms,
          nicolae_concentric_dashed_squares_mild
D:2:      layout_loops_cross, uniq_natasha
D:3:      layout_rooms
D:4:      black_bear_nest_1, layout_gridville, serial_park_tiny_2, uniq_ijyb,
          uniq_menkaure, uniq_blork_the_orc

Skill      XL: |  1  2  3 |
---------------+----------+-----
Polearms       | 5 |  5.5
Dodging        | 5 |  5.3
Fighting       | |  3.7
Maces & Flails | |  0.9
Stealth        | |  0.8

Action                     |  1- 3 |  4- 6 || total
---------------------------+-------+-------++-------
  Melee: Spear             |    72 |       ||    72
         Morningstar       |    37 |    23 ||    60
  Throw: Throwing net      |     1 |       ||     1
  Evoke: Wand              |       |     1 ||     1
    Use: Potion            |     1 |     4 ||     5
         Scroll            |     2 |     3 ||     5
 Armour: Robe              |    38 |    12 ||    50
  Dodge: Dodged            |   166 |    18 ||   184

Table legend: (Time is in decaauts)
 A = Elapsed time spent in this place.
 B = Non-inter-level travel time spent in this place.
 C = Inter-level travel time spent in this place.
 D = Time resting spent in this place.
 E = Time spent auto-exploring this place.
 F = Levels seen in this place.
 G = Mean time per level.
                   A        B        C        D        E       F      G
               +--------+--------+--------+--------+--------+-----+--------+
         Total |   2160 |   2151 |      9 |      0 |   1367 |   4 |  540.0 |
       Dungeon |   2160 |   2151 |      9 |      0 |   1367 |   4 |  540.0 |
               +--------+--------+--------+--------+--------+-----+--------+

Top non-repeatable levels by time:
     D:1: 853 daAuts
     D:2: 724 daAuts
     D:3: 553 daAuts
     D:4: 29 daAuts
